AoeStats
← Death_Rider

Arena

510960459Analyzed
1v1 RM · 7h ago on Oct 3, 2026· 48m 43s· 2 players
Game mode
Random Map
Map size
Tiny (2 player)
Population
200
Speed
Normal
Resources
Standard
Victory
Conquest
Starting age
Dark Age
Ending age
Imperial Age
RankedLock teamsTeams togetherTeam positionsShared explorationLock speedFull tech treeHidden civsTurbo modeCheats
Victory
Defeat
🇩🇪 Chinese · Germany
978
+17
🇦🇷 Hindustanis · Argentina
991
-17
Death_Rider
0:32 Loom
10:53 Feudal Age
11:28 Double-Bit Axe
11:26 Horse Collar
18:14 Castle Age
16:58 Gold Mining
18:34 Forging
18:46 Light Cavalry
19:38 Bloodlines
24:33 Heavy Plow
24:45 Bow Saw
24:54 Town Watch
25:45 Wheelbarrow
26:02 Iron Casting
26:21 Stone Mining
29:04 Scale Barding Armor
28:50 Fletching
33:32 Imperial Age
31:42 Hand Cart
31:27 Town Patrol
32:19 Town Patrol
32:36 Bodkin Arrow
33:03 Chain Barding Armor
32:46 Padded Archer Armor
33:52 Ballistics
33:43 Masonry
34:18 Gold Shaft Mining
34:20 Stone Shaft Mining
33:59 Great Wall
34:05 Husbandry
34:42 Guard Tower
34:37 Arrowslits
35:54 Chemistry
35:41 Leather Archer Armor
36:34 Keep
38:11 Conscription
39:39 Two-Man Saw
38:42 Bracer
39:18 Plate Barding Armor
39:13 Ring Archer Armor
39:44 Blast Furnace
38:50 Arrowslits
39:39 Architecture
39:38 Rocketry
39:13 Heavy Rocket Cart
39:53 Heated Shot
40:13 Heavy Scorpion
43:16 Atonement
43:26 Fervor
43:30 Fortified Wall
43:15 Murder Holes
43:23 Scale Mail Armor
45:58 Bombard Tower
46:40 Coinage
Nexblux
10:01 Loom
11:49 Feudal Age
12:21 Double-Bit Axe
14:42 Loom
14:45 Horse Collar
14:57 Stone Mining
15:00 Gold Mining
15:23 Scale Barding Armor
19:36 Castle Age
20:28 Bow Saw
20:55 Gold Shaft Mining
34:36 Imperial Age
33:23 Chain Barding Armor
33:01 Town Watch
35:00 Murder Holes
35:53 Scale Mail Armor
39:20 Chemistry
38:41 Ballistics
39:26 Two-Man Saw
38:27 Heavy Plow
41:12 Plate Barding Armor
40:32 Fletching
42:26 Wheelbarrow
42:47 Elite Skirmisher
43:29 Bodkin Arrow
43:34 Padded Archer Armor
Connection lost

Rejoining the realm…

Still unreachable

The connection could not be restored.

Session expired

The server has moved on; the page needs a fresh start.